 Dungeon Crawl Stone Soup version 0.30.0-11-gf55b779eaf (webtiles) character file.

Game seed: 12645558133980679471

740 Darkkill the Shooter (level 7, -4/61 HPs)
             Began as a Minotaur Hunter on May 16, 2023.
             Was an Initiate of Gozag.
             Slain by an ice beast (14 damage)
             ... on level 5 of the Dungeon.
             The game lasted 00:04:48 (3204 turns).

Darkkill the Shooter (Minotaur Hunter)              Turns: 3204, Time: 00:04:49

Health: -4/61      AC:  3    Str: 21    XL:     7   Next: 46%
Magic:  6/6        EV: 14    Int:  6    God:    Gozag
Gold:   692        SH:  0    Dex: 16    Spells: 6/6 levels left

rFire   . . .        a - +2 shortbow
rCold   . . .        (shield currently unavailable)
rNeg    . . .        c - +0 leather armour
rPois   .            (helmet restricted)
rElec   .            (no cloak)
rCorr   .            (no gloves)
SInv    .            (no boots)
Will    .....        (no amulet)
Stlth   ++           f - +6 ring of strength
HPRegen 0.30/turn    l - +4 ring of slaying
MPRegen 0.10/turn

%: no passive effects
@: gold aura
A: horns 2, retaliatory headbutt
a: Renounce Religion, Potion Petition, Call Merchant, Bribe Branch


You were on level 5 of the Dungeon.
You worshipped Gozag.
Gozag was pleased with you.
You visited 1 branch of the dungeon, and saw 5 of its levels.

You collected 767 gold pieces.
You spent 75 gold pieces at shops.

Inventory:

Hand Weapons
 a - a +2 shortbow (weapon)
Missiles
 g - 60 stones
 n - 12 poisoned darts
 q - 5 boomerangs
Armour
 c - a +0 leather armour (worn)
Jewellery
 f - a +6 ring of strength (left hand)
 l - a +4 ring of slaying (right hand)
Wands
 p - a wand of polymorph (5)
Scrolls
 b - 3 scrolls of immolation
Potions
 d - a potion of haste {unknown}
 e - 4 potions of heal wounds
 h - 2 potions of flight
 i - a potion of resistance {unknown}
 j - a potion of attraction
 k - 2 potions of mutation
 m - a potion of magic {unknown}
 o - 2 potions of berserk rage {unknown}
 r - a potion of experience {unknown}
 s - a potion of lignification {unknown}


   Skills:
 + Level 5.5 Fighting
 + Level 6.3 Ranged Weapons
 + Level 4.9 Dodging
 + Level 3.6 Stealth


You had 6 spell levels left.
You didn't know any spells.
Your spell library contained the following spells:

 Spells                   Type           Power      Damage    Failure   Level
 Beastly Appendage        Tmut           0%         N/A       50%         1
 Wereblood                Tmut           0%         N/A       65%         2
 Ozocubu's Armour         Ice            0%         N/A       86%         3
 Spider Form              Tmut/Pois      0%         N/A       86%         3
 Metabolic Englaciation   Hex/Ice        0%         N/A       100%        5
 Ozocubu's Refrigeration  Ice            0%         4d7       100%        7
 Simulacrum               Ice/Necr       Unusable   N/A       N/A         6

Dungeon Overview and Level Annotations

Branches:
Dungeon (5/15)             Temple (0/1) D:5

Altars:
Gozag
Vehumet

Shops:
D:1 ?

Annotations:
D:3 1 runed translucent door, grumposus's ghost, weakling DsGl
D:5 Prince Ribbit


Innate Abilities, Weirdness & Mutations

You have a pair of horns on your head.
You reflexively headbutt those who attack you in melee.


Message History

The arrow hits the gnoll!
You kill the gnoll!
Fire: a) +2 shortbow
Press: ? - help, Q - select action, (/) - cycle Shift-Dir - straight line, f - gnoll
Aim: a gnoll, wielding a +0 spear (73% to hit)
You shoot an arrow. The arrow closely misses the gnoll.
The arrow hits the gnoll.
The gnoll is lightly wounded.
The gnoll closely misses you.
The gnoll hits you from afar with a +0 spear.
Fire: a) +2 shortbow
Press: ? - help, Q - select action, (/) - cycle Shift-Dir - straight line, f/p - gnoll
Aim: a gnoll, wielding a +0 spear (73% to hit)
You shoot an arrow. The arrow hits the gnoll.
The gnoll is lightly wounded.
The gnoll completely misses you.
Fire: a) +2 shortbow
Press: ? - help, Q - select action, (/) - cycle Shift-Dir - straight line, f/p - gnoll
Aim: a gnoll, wielding a +0 spear (lightly wounded, 73% to hit)
You shoot an arrow. The arrow hits the gnoll.
The gnoll is heavily wounded.
The gnoll completely misses you.
Fire: a) +2 shortbow
Press: ? - help, Q - select action, (/) - cycle Shift-Dir - straight line, f/p - gnoll
Aim: a gnoll, wielding a +0 spear (heavily wounded, 73% to hit)
You shoot an arrow. The arrow hits the gnoll.
The gnoll is almost dead.
The gnoll misses you.
Fire: a) +2 shortbow
Press: ? - help, Q - select action, (/) - cycle Shift-Dir - straight line, f/p - gnoll
Aim: a gnoll, wielding a +0 spear (almost dead, 73% to hit)
You shoot an arrow. The arrow barely misses the gnoll.
The arrow hits the gnoll.
The gnoll is moderately wounded.
The gnoll hits you from afar with a +0 spear.
The gnoll misses you.
An ice beast comes into view.
Fire: a) +2 shortbow
Press: ? - help, Q - select action, (/) - cycle Shift-Dir - straight line, f/p - gnoll
Aim: a gnoll, wielding a +0 spear (almost dead, 73% to hit)
You shoot an arrow. The arrow hits the gnoll!
You kill the gnoll!
Fire: a) +2 shortbow
Press: ? - help, Q - select action, (/) - cycle Shift-Dir - straight line, f - gnoll
Aim: a gnoll, wielding a +0 flail (moderately wounded, 73% to hit)
You shoot an arrow. The arrow barely misses the gnoll.
The arrow hits the gnoll!
The gnoll is almost dead.
The gnoll is distracted by your dazzling golden aura.
Fire: a) +2 shortbow
Press: ? - help, Q - select action, (/) - cycle Shift-Dir - straight line, f/p - gnoll
Aim: a gnoll, wielding a +0 flail (moderately wounded, 73% to hit)
You shoot an arrow. The gnoll shouts!
The arrow hits the gnoll!
The gnoll is almost dead.
The gnoll hits you with a +0 flail.
Fire: a) +2 shortbow
Press: ? - help, Q - select action, (/) - cycle Shift-Dir - straight line, f/p - gnoll
Aim: a gnoll, wielding a +0 flail (almost dead, 73% to hit)
You shoot an arrow. The arrow hits the gnoll!
You kill the gnoll!
The gnoll is no longer distracted by gold.
The jelly hits you but does no damage.
Fire: a) +2 shortbow
Press: ? - help, Q - select action, (/) - cycle Shift-Dir - straight line, f - jelly
Aim: a jelly (92% to hit)
You shoot an arrow. The arrow hits the jelly.
The jelly is moderately wounded.
The jelly barely misses you.
Fire: a) +2 shortbow
Press: ? - help, Q - select action, (/) - cycle Shift-Dir - straight line, f/p - jelly
Aim: a jelly (moderately wounded, 92% to hit)
You shoot an arrow. The arrow hits the jelly!
You kill the jelly!
Fire: a) +2 shortbow
Press: ? - help, Q - select action, (/) - cycle Shift-Dir - straight line, f - ice beast
Aim: an ice beast (71% to hit)
You shoot an arrow. The arrow hits the ice beast.
The ice beast is lightly wounded.
The ice beast hits you. The ice beast freezes you!
Fire: a) +2 shortbow
Press: ? - help, Q - select action, (/) - cycle Shift-Dir - straight line, f/p - ice beast
Aim: an ice beast (lightly wounded, 71% to hit)
You shoot an arrow.
The arrow hits the ice beast but does no damage.
The ice beast is lightly wounded.
The ice beast hits you. The ice beast freezes you!
* * * LOW HITPOINT WARNING * * *
Fire: a) +2 shortbow
Press: ? - help, Q - select action, (/) - cycle Shift-Dir - straight line, f/p - ice beast
Aim: an ice beast (71% to hit)
You shoot an arrow. The arrow hits the ice beast.
The ice beast is lightly wounded.
The gnoll is distracted by your dazzling golden aura.
The ice beast hits you.
* * * LOW HITPOINT WARNING * * *
The ice beast freezes you!
You die...
Your body crumbles into a pile of gold.

#####.###.##........#
#.....#.......... #
#####............ ..
#.#.######.## ...
.....# #.## ....
###.### #..# .....
#.. ##.# .!....#####
#.# #.#
......gY@.###.# #..
.#######$.....# ##.
#⌠.⌠.#..#### #.
h##....#..# #.
.$#._..#.## +.
.$#....#.# ##
.$#....#.#
$.$#._..#.# #.#
.##....#.#


You could see an ice beast and a gnoll (unaware).

Vanquished Creatures
  Duvessa (D:5)
  A centaur (D:5)
  A scorpion (D:5)
  A gnoll sergeant (D:5)
  Dowan (D:5)
  An orc priest (D:5)
  A jelly (D:5)
  An iguana (D:4)
  3 sleepcaps (D:4)
  7 adders
  7 gnolls
  A worm (D:4)
  3 dart slugs
  12 orcs
  3 ball pythons
  6 endoplasms
  7 giant cockroaches
  5 goblins
  9 hobgoblins
  6 kobolds
  A quokka (D:4)
  8 bats
  7 frilled lizards
  5 rats
98 creatures vanquished.

Notes
Turn   | Place    | Note
-------+----------+-------------------------------------------
     0 | D:1      | Darkkill the Minotaur Hunter began the quest for the Orb.
     0 | D:1      | Reached XP level 1. HP: 18/18 MP: 0/0
    96 | D:1      | Reached skill level 1 in Stealth
   112 | D:1      | Reached XP level 2. HP: 24/25 MP: 1/1
   251 | D:1      | Found a faded altar of an unknown god.
   293 | D:1      | Prayed at the altar of an unknown god.
   293 | D:1      | Became a worshipper of Gozag Ym Sagoz the Greedy
   547 | D:1      | Found Raudaigh's Magic Scroll Shop.
   550 | D:1      | Bought a scroll of enchant weapon for 75 gold pieces
   819 | D:1      | Reached XP level 3. HP: 31/31 MP: 2/2
  1312 | D:2      | Reached XP level 4. HP: 38/38 MP: 3/3
  1653 | D:3      | Reached skill level 5 in Ranged Weapons
  1712 | D:3      | Noticed grumposus's ghost (weakling DsGl)
  1801 | D:3      | Found a runed translucent door.
  1918 | D:3      | Noticed a black bear
  2040 | D:4      | Reached XP level 5. HP: 46/46 MP: 4/4
  2338 | D:4      | Reached XP level 6. HP: 53/53 MP: 5/5
  2490 | D:5      | Entered Level 5 of the Dungeon
  2571 | D:5      | Noticed Dowan
  2573 | D:5      | Noticed Duvessa
  2647 | D:5      | Killed Duvessa
  2653 | D:5      | Killed Dowan
  2654 | D:5      | Reached skill level 5 in Fighting
  2816 | D:5      | Reached skill level 6 in Ranged Weapons
  2816 | D:5      | Reached XP level 7. HP: 61/61 MP: 6/6
  3018 | D:5      | Found a staircase to the Ecumenical Temple.
  3163 | D:5      | Found a radiant altar of Vehumet.
  3163 | D:5      | Found an opulent altar of Gozag.
  3181 | D:5      | Noticed Prince Ribbit
  3185 | D:5      | HP: 6/61 [gnoll sergeant/+6 heavy trident (16)]
  3186 | D:5      | HP: 2/61 [gnoll sergeant/+6 heavy trident (21)]
  3203 | D:5      | HP: 11/61 [ice beast (10)]
  3204 | D:5      | Slain by an ice beast

Illustrated notes

Levels and vault maps discovered:
D:1:      dpeg_arrival_subterranean_lakeside_camping, layout_basic,
          chequers_ecumenical_altar_island, serial_shops,
          nicolae_shop_rolled_up, nicolae_kite_square_tiling_tiny,
          grunt_decor_arrowhead, minmay_misc_feat_room
D:2:      layout_loops_cross, kennysheep_generic_room_6
D:3:      layout_rooms, hellmonk_ghost_happy_afterlife, hex_intersection,
          lightli_corner_chamber
D:4:      layout_cave_pools, hellmonk_no_cap
D:5:      layout_basic, jmf_multi_god_temple, minmay_temple_entry_overgrown,
          uniq_duvessa, uniq_prince_ribbit1

Skill      XL: |  1  2  3  4  5  6 |
---------------+-------------------+-----
Stealth        | 1 2 3 |  3.6
Fighting       | 3 4 5 |  5.5
Dodging        | 3 4 |  4.9
Ranged Weapons | 5 6 |  6.3

Action                     |  1- 3 |  4- 6 |  7- 9 || total
---------------------------+-------+-------+-------++-------
   Fire: Shortbow          |    99 |   140 |    30 ||   269
    Use: Scroll            |     6 |     5 |       ||    11
         Potion            |       |       |     3 ||     3
 Armour: Leather armour    |     8 |    13 |     3 ||    24
  Dodge: Dodged            |    24 |    16 |    21 ||    61

Levels and vault maps discovered:
D:1:      dpeg_arrival_subterranean_lakeside_camping, layout_basic,
          chequers_ecumenical_altar_island, serial_shops,
          nicolae_shop_rolled_up, nicolae_kite_square_tiling_tiny,
          grunt_decor_arrowhead, minmay_misc_feat_room
D:2:      layout_loops_cross, kennysheep_generic_room_6
D:3:      layout_rooms, hellmonk_ghost_happy_afterlife, hex_intersection,
          lightli_corner_chamber
D:4:      layout_cave_pools, hellmonk_no_cap
D:5:      layout_basic, jmf_multi_god_temple, minmay_temple_entry_overgrown,
          uniq_duvessa, uniq_prince_ribbit1

Table legend: (Time is in decaauts)
 A = Elapsed time spent in this place.
 B = Non-inter-level travel time spent in this place.
 C = Inter-level travel time spent in this place.
 D = Time resting spent in this place.
 E = Time spent auto-exploring this place.
 F = Levels seen in this place.
 G = Mean time per level.
                   A        B        C        D        E       F      G
               +--------+--------+--------+--------+--------+-----+--------+
         Total |   3293 |   3212 |     81 |    148 |   2465 |   5 |  658.6 |
       Dungeon |   3293 |   3212 |     81 |    148 |   2465 |   5 |  658.6 |
               +--------+--------+--------+--------+--------+-----+--------+

Top non-repeatable levels by time:
     D:1: 946 daAuts
     D:2: 694 daAuts
     D:5: 674 daAuts
     D:4: 516 daAuts
     D:3: 461 daAuts

Table legend:
 A = Kills in this place as a percentage of kills in the entire game.
 B = Kills by you in this place as a percentage of kills by you in the entire game.
 C = Kills by friends in this place as a percentage of kills by friends in the entire game.
 D = Other kills in this place as a percentage of other kills in the entire game.
 E = Experience gained in this place as a percentage of experience gained in the entire game.
 F = Experience gained in this place divided by the number of levels of this place that you have seen.
                   A       B       C       D       E      F
               +-------+-------+-------+-------+-------+----------------------
         Total | 100.0 | 100.0 |   N/A |   N/A | 100.0 | 211.6
       Dungeon | 100.0 | 100.0 |   N/A |   N/A | 100.0 | 211.6
               +-------+-------+-------+-------+-------+----------------------
